 Dungeon Crawl Stone Soup version 0.29.0-13-gc9e81de378 (webtiles) character file.

Game seed: 5847834672886179727

2884 Pooter the Skirmisher (level 9, -1/81 HPs)
             Began as a Minotaur Hunter on Sept 8, 2022.
             Slain by a gnoll
             ... wielding a +0 spear
             ... led by a gnoll bouda
              (7 damage)
             ... on level 8 of the Dungeon on Sept 9, 2022.
             The game lasted 00:39:47 (10652 turns).

Pooter the Skirmisher (Minotaur Hunter)            Turns: 10652, Time: 00:39:48

Health: -1/81      AC: 12    Str: 18    XL:     9   Next: 48%
Magic:  8/8        EV:  7    Int:  6    God:
Gold:   363        SH:  0    Dex: 16    Spells: 8/8 levels left

rFire   . . .      SeeInvis .   a - +0 war axe
rCold   . . .      Faith    .   (no shield)
rNeg    + . .      Spirit   .   C - +2 chain mail
rPois   .          Reflect  .   (helmet restricted)
rElec   .          Harm     .   z - +0 cloak
rCorr   .          Rampage  .   e - +0 pair of gloves
Will    .....                   (no boots)
Stlth   ..........              (no amulet)
HPRegen 0.23/turn               N - ring of positive energy
MPRegen 0.11/turn               (no ring)

@: weakened, slowed, very slow
A: horns 2, retaliatory headbutt
a: no special abilities


You were on level 8 of the Dungeon.
You visited 2 branches of the dungeon, and saw 9 of its levels.

You collected 363 gold pieces.

Inventory:

Hand Weapons
 a - a +0 war axe (weapon)
   (You found it on level 7 of the Dungeon)
 b - a +1 shortbow
 c - a +0 trident
   (You took it off an orc on level 8 of the Dungeon)
 g - a +0 halberd
   (You took it off a gnoll on level 4 of the Dungeon)
Missiles
 h - 3 boomerangs
 s - 17 poisoned darts (quivered)
 A - 2 javelins
 Q - 53 stones
Armour
 e - a +0 pair of gloves (worn)
   (You found it on level 2 of the Dungeon)
 z - a +0 cloak (worn)
   (You found it on level 4 of the Dungeon)
 C - a +2 chain mail (worn)
   (You found it on level 4 of the Dungeon)
Jewellery
 N - a ring of positive energy (left hand)
   (You took it off an orc wizard on level 4 of the Dungeon)
 W - a ring of wizardry
   (You found it on level 1 of the Dungeon)
Wands
 f - a wand of flame (19)
   (You found it on level 4 of the Dungeon)
Scrolls
 d - a scroll of immolation {!r}
 l - 2 scrolls of magic mapping
 o - 2 scrolls of noise {!r}
 u - a scroll of silence
 v - a scroll of poison {!r}
 y - 5 scrolls of butterflies
 E - 2 scrolls of fear
Potions
 j - 3 potions of magic
 k - 2 potions of haste {@q3}
 p - a potion of resistance {unknown}
 q - a potion of brilliance
 r - a potion of cancellation
 t - a potion of ambrosia {unknown}
 w - a potion of flight
 D - a potion of attraction {unknown}


   Skills:
 + Level 8.1 Fighting
 * Level 4.0 Axes
 * Level 11.1 Ranged Weapons
 - Level 2.1 Dodging
 - Level 0.7 Stealth
 + Level 4.9 Evocations


You had 8 spell levels left.
You didn't know any spells.
Your spell library contained the following spells:

 Spells                   Type           Power      Damage    Failure   Level
 Magic Dart               Conj           0%         1d3       100%        1
 Searing Ray              Conj           0%         2d4       100%        2
 Dazzling Flash           Conj/Hex       0%         N/A       100%        3
 Animate Dead             Necr           0%         N/A       100%        4
 Cause Fear               Hex            0%         N/A       100%        4
 Fulminant Prism          Conj/Hex       0%         3d6       100%        4
 Petrify                  Tmut/Erth      0%         N/A       100%        4
 Metabolic Englaciation   Hex/Ice        0%         N/A       100%        5
 Iron Shot                Conj/Erth      0%         9d1       100%        6
 Statue Form              Tmut/Erth      0%         N/A       100%        6
 Haunt                    Necr/Summ      0%         N/A       100%        7
 Infestation              Necr           0%         N/A       100%        8


Dungeon Overview and Level Annotations

Branches:
Dungeon (8/15)             Temple (1/1) D:4
   Lair: D:8-11

Altars:
Ashenzari
Cheibriados
Elyvilon
Fedhas
Gozag
Hepliaklqana
Kikubaaqudgha
Makhleb
Nemelex Xobeh
Qazlal
Ru
Sif Muna
Vehumet
Xom
Yredelemnul
The Shining One

Annotations:
D:5 Sigmund


Innate Abilities, Weirdness & Mutations

You have a pair of horns on your head.
You reflexively headbutt those who attack you in melee.


Message History

The wraith is unaffected.
The orc warrior looks frightened!
The yak looks frightened!
The howler monkey looks frightened!
The gnoll looks frightened!
The wraith hits you.
* * * LOW HITPOINT WARNING * * *
You hit the wraith but do no damage. The wraith hits you!
* * * LOW HITPOINT WARNING * * *
The wraith drains your vigour!
You feel yourself slow down.
You hit the wraith. Your headbutt misses the wraith.
The wraith completely misses you. You furiously retaliate!
You headbutt the wraith, but do no damage.
The wraith hits you but does no damage.
A gnoll comes into view. It is wielding a +0 spear.
You closely miss the wraith. You punch the wraith, but do no damage.
The wraith barely misses you. You furiously retaliate!
You headbutt the wraith. The gnoll barely misses you. The wraith hits you.
* * * LOW HITPOINT WARNING * * *
The wraith drains your vigour!
You feel as though you will be slow longer.
You hit the wraith. The gnoll hits you but does no damage. The wraith hits you.
* * * LOW HITPOINT WARNING * * *
The wraith drains your vigour!
You feel as though you will be slow longer.
The orc warrior gibbers meaninglessly.
A gnoll bouda comes into view. It is wielding a +0 whip.
The gnoll barely misses you. The wraith hits you but does no damage.
The gnoll bouda shouts!
You slash the wraith!
The gnoll hits you from afar with a +0 spear.
* * * LOW HITPOINT WARNING * * *
The wraith hits you but does no damage.
The gnoll bouda barks out a call to the hunt!
The gnoll hits you but does no damage. The wraith hits you.
* * * LOW HITPOINT WARNING * * *
You barely miss the wraith. The gnoll hits you but does no damage.
The gnoll bouda gazes fiercely through you!
You feel your attacks grow feeble. The wraith barely misses you.
An orc comes into view. It is wielding a +0 flail.
The gnoll barely misses you. The wraith hits you but does no damage.
Unknown command.
You closely miss the wraith.
The orc shouts!
You headbutt the wraith. The gnoll hits you but does no damage.
The wraith barely misses you. You furiously retaliate!
You headbutt the wraith, but do no damage.
A gnoll comes into view. It is wielding a +0 whip.
The gnoll hits you from afar with a +0 spear!
You die...

#..#.# #.#
#..#†###..#.
#....)..#
#.##..#.#
#.g.....###
#.#o.###.Y.#
.. ##.##
.#.# ##
#.g##.g.###.
##oW@.......
#######....
#


You could see a yak, a wraith, an orc warrior, a gnoll bouda, 2 gnolls and an
orc.

Vanquished Creatures
  Prince Ribbit (D:7)
  A shadow (D:7)
  A water moccasin (D:5)
  2 sky beasts
  Duvessa (D:4)
  2 black bears (D:5)
  An orc warrior (D:8)
  An ogre (D:7)
  2 centaurs (D:8)
  A phantom (D:6)
  A bullfrog (D:7)
  A gnoll sergeant (D:7)
  2 necrophages
  A scorpion (D:7)
  Dowan (D:4)
  2 electric eels (D:7)
  A hound (D:7)
  3 gnoll boudas
  5 jellies
  2 orc priests
  2 iguanas
  11 orc wizards
  Natasha (thrice) (D:2)
  22 gnolls
  6 adders
  3 shadow imps
  3 ufetubi
  2 worms
  24 orcs
  6 bats
  9 endoplasms
  7 giant cockroaches
  7 goblins
  9 hobgoblins
  4 jackals (D:1)
  2 quokkas
  3 ball pythons
  2 frilled lizards
  6 kobolds
  4 rats
167 creatures vanquished.

Vanquished Creatures (others)
  21 plants (D:7)
21 creatures vanquished.

Grand Total: 188 creatures vanquished

Notes
Turn   | Place    | Note
-------+----------+-------------------------------------------
     0 | D:1      | Pooter the Minotaur Hunter began the quest for the Orb.
     0 | D:1      | Reached XP level 1. HP: 18/18 MP: 0/0
   301 | D:1      | Reached XP level 2. HP: 25/25 MP: 1/1
   418 | D:1      | Found a faded altar of an unknown god.
   677 | D:1      | Reached skill level 5 in Ranged Weapons
  1115 | D:2      | Reached XP level 3. HP: 31/31 MP: 2/2
  1196 | D:2      | Noticed Natasha
  1200 | D:2      | Killed Natasha
  1217 | D:2      | Reached XP level 4. HP: 39/39 MP: 3/3
  1634 | D:2      | Reached skill level 6 in Ranged Weapons
  1987 | D:2      | Noticed Natasha
  1997 | D:2      | Killed Natasha
  1998 | D:2      | Reached XP level 5. HP: 25/46 MP: 4/4
  2385 | D:2      | Noticed Natasha
  2389 | D:2      | Killed Natasha
  3545 | D:4      | Found a radiant altar of Vehumet.
  3613 | D:4      | Reached skill level 7 in Ranged Weapons
  3613 | D:4      | Reached XP level 6. HP: 53/53 MP: 5/5
  3618 | D:4      | Noticed Duvessa
  3619 | D:4      | Noticed Dowan
  3634 | D:4      | Killed Duvessa
  3635 | D:4      | Reached skill level 1 in Evocations
  3636 | D:4      | Killed Dowan
  3637 | D:4      | Reached skill level 5 in Fighting
  4263 | D:4      | Found a staircase to the Ecumenical Temple.
  4272 | Temple   | Entered the Ecumenical Temple
  4468 | D:4      | Found a white marble altar of Elyvilon.
  4643 | D:4      | Reached XP level 7. HP: 18/61 MP: 6/6
  5009 | D:5      | Entered Level 5 of the Dungeon
  5158 | D:5      | Found a blossoming altar of Fedhas.
  5196 | D:5      | Reached skill level 8 in Ranged Weapons
  6117 | D:5      | Noticed Sigmund
  6208 | D:6      | Found a burning altar of Makhleb.
  6259 | D:6      | Reached XP level 8. HP: 70/70 MP: 7/7
  6290 | D:6      | Reached skill level 9 in Ranged Weapons
  6388 | D:6      | Found a snail-covered altar of Cheibriados.
  6445 | D:6      | Found a shimmering altar of Xom.
  6556 | D:6      | Found a broken altar of Ashenzari.
  7371 | D:7      | Noticed Prince Ribbit
  7394 | D:7      | Killed Prince Ribbit
  7395 | D:7      | Reached skill level 10 in Ranged Weapons
  8067 | D:7      | Reached XP level 9. HP: 56/79 MP: 8/8
  8075 | D:7      | HP: 3/79 [poisoned by a gnoll]
  8078 | D:7      | HP: 1/79 [poisoned by a gnoll]
  8456 | D:7      | Reached skill level 1 in Axes
  8610 | D:7      | Found a hazy altar of Hepliaklqana.
  9811 | D:7      | Got Sif Muna's Incunable of Lethal Enchantment
 10226 | D:8      | Reached skill level 11 in Ranged Weapons
 10652 | D:8      | Slain by a gnoll

Illustrated notes

Levels and vault maps discovered:
D:1:      nagdon_arrival_zigzag_paths, layout_basic,
          nicolae_ecumenical_snake_handling, minmay_misc_feat_nine_boxes
D:2:      layout_basic, st_stairs_5, uniq_natasha
D:3:      layout_loops_corners
D:4:      layout_basic, mainiacjoe_overflow_brackets, vehumet_crystals,
          minmay_temple_entry_poolview, uniq_duvessa
D:5:      layout_basic, mainiacjoe_overflow_cross_hatched,
          nicolae_elevator_lobby_plus, uniq_sigmund
D:6:      layout_loops_ring, mainiacjoe_overflow_concentric_impassable,
          chei_slow_surprise, mainiacjoe_overflow_catch_the_wave
D:7:      layout_loops_ring, general_overflow_altar, grunt_ministairs_1,
          serial_bayou_ford_a, uniq_prince_ribbit1
D:8:      layout_loops_ring, zin_treasury, minmay_starry_boxes, uniq_grum
Temple:   nicolae_temple_bog_church

Skill      XL: |  1  2  3  4  5  6  7  8  9 |
---------------+----------------------------+-----
Fighting       | 3 4 5 6 7 8 |  8.1
Ranged Weapons | 5 6 7 8 10 11 | 11.1
Evocations     | 1 3 4 |  4.9
Axes           | 4 |  4.0
Dodging        | |  2.1
Stealth        | |  0.7

Action                   |  1- 3 |  4- 6 |  7- 9 || total
-------------------------+-------+-------+-------++-------
Melee: Short sword       |    22 |    11 |       ||    33
       Headbutt          |     4 |    11 |    45 ||    60
       Flail             |       |    50 |    16 ||    66
       Halberd           |       |       |   104 ||   104
       War axe           |       |       |   111 ||   111
       Punch             |       |       |     3 ||     3
 Fire: Shortbow          |    69 |   132 |   113 ||   314
Throw: Javelin           |       |     2 |       ||     2
       Dart              |       |       |     3 ||     3
Evoke: Wand              |       |       |    19 ||    19
  Use: Scroll            |     3 |     6 |     7 ||    16
       Potion            |       |       |     7 ||     7
Armor: Leather armour    |    10 |    30 |       ||    40
       Chain mail        |       |     1 |   201 ||   202
Dodge: Dodged            |    24 |    64 |   114 ||   202
